[Event "Late-Titled-Tuesday-Blitz-June-04-2024"]
[Site "Chess.com"]
[Date "2024.06.04"]
[Round "9"]
[White "th3d4rkness"]
[Black "Bala-Afiada"]
[Result "0-1"]
[WhiteElo "2160"]
[BlackElo "2076"]
[TimeControl "180+1"]
[EndTime "15:42:59 PDT"]
[Termination "Bala-Afiada won on time"]

1. e4 c5 2. Nc3 Nc6 3. Bb5 d6 4. Bxc6+ bxc6 5. f4 g6 6. Nf3 Bg7 7. O-O Nf6 8. d3 Bg4 9. Qe1 O-O 10. Qh4 Bxf3 11. Rxf3 Rb8 12. Rh3 h6 13. f5 g5 14. Bxg5 hxg5 15. Qxg5 e6 16. b3 Nh7 17. Qh5 Nf6 18. Qh4 d5 19. Rf1 dxe4 20. Nxe4 Qd4+ 21. Kh1 Rfe8 22. c3 Qe5 23. Nxf6+ Qxf6 24. Qh7+ Kf8 25.
Rg3 exf5 26. h3 Rbd8 27. Rxf5 Re1+ 28. Kh2 Qxc3 29. Qh5 Rd7 30. Rxc5 Qf6 31. Rf5 Qd6 32.
Rg5 Qd4 0-1

[Event "Late-Titled-Tuesday-Blitz-June-04-2024"]
[Site "Chess.com"]
[Date "2024.06.04"]
[Round "9"]
[White "NajdorfPlayerc5"]
[Black "annasargsyan_m"]
[Result "0-1"]
[WhiteElo "2445"]
[BlackElo "2590"]
[TimeControl "180+1"]
[EndTime "15:43:01 PDT"]
[Termination "annasargsyan_m won on time"]

1. e4 c6 2. d4 d5 3. e5 Bf5 4. h4 h5 5. Bd3 Bxd3 6. Qxd3 e6 7.
Bg5 Qb6 8. Nd2 Ne7 9. Ngf3 Nf5 10. O-O Nd7 11. c4 Qa6 12. Rfc1 g6 13. a4 Bg7 14. a5 O-O 15. Qc3 dxc4 16. Nxc4 c5 17. dxc5 Nxc5 18. b4 Ne4 19. Qd3 Nxg5 20. hxg5 Rfd8 21.
Qe4 Rac8 22. Rab1 Qb5 23. Na3 Rxc1+ 24. Rxc1 Qa4 25. Nb1 b6 26. Nc3 Qa3 27. Qc2 Qxb4 28. axb6 axb6 29. Rb1 Qc5 30. Rb5 Qc6 31. Qb2 Rc8 32. Ne2 Qe4 33. Rb4 Rc2 34. Rxe4 Rxb2 35. Nc3 Bf8 36. Rc4 b5 37. Rc8 Rc2 38. Rc7 b4 39. Nb5 Rxc7 40. Nxc7 b3 41. Nd2 b2 42. Nb5 Bb4 43. Nb1 Be7 44. f4 Bc5+ 45. Kf1 Be3 46. N5c3 Bxf4 47. Ne4 Bxe5 48. Ke2 Ng3+ 49. Kf3 Nxe4 50.
Kxe4 Bg7 51. Nd2 Kf8 52. Kd3 Ke7 53. Kc2 Be5 54. Nc4 Bf4 55. Kxb2 Bxg5 56. Kc2 f5 57. Ne5 Kf6 58. Nf3 e5 59. Kd1 e4 60. Nd4 Be3 61. Nc2 Bc5 62. Ke2 f4 63. Na1 Ke5 64. Nb3 Bb6 65.
Nd2 Bc7 66. Nc4+ Kf5 67. Kf2 g5 68. Ke2 g4 69. Kf1 h4 0-1

[Event "Late-Titled-Tuesday-Blitz-June-04-2024"]
[Site "Chess.com"]
[Date "2024.06.04"]
[Round "9"]
[White "Onischuk_V"]
[Black "jefferyx"]
[Result "0-1"]
[WhiteElo "2865"]
[BlackElo "3082"]
[TimeControl "180+1"]
[EndTime "15:43:03 PDT"]
[Termination "jefferyx won on time"]

1. Nf3 c5 2. g3 Nc6 3. Bg2 g6 4. d4 cxd4 5. Nxd4 Bg7 6. Nb3 h5 7. h3 d6 8. Nc3 Be6 9. O-O Qc8 10. Kh2 Nf6 11. e4 Ne5 12. Nd5 h4 13. g4 Nfxg4+ 14. hxg4 Nxg4+ 15. Kh1 Ne5 16. f4 Bg4 17. Bh3 Bxh3 18. fxe5 Bxf1 19. Qxf1 Bxe5 20. Bg5 Qg4 21.
Qg2 Bg3 22. Bxe7 h3 23. Nf6+ Kxe7 24. Qf1 Qe6 25. Nd5+ Kf8 26. Qf3 Be5 27. Nc7 Qc8 28. Nxa8 Qxc2 29. Kg1 Rh5 30. Nc7 Qxc7 31. Rc1 Qe7 32.
Kh1 Kg7 33. Nd2 Bxb2 34. Rf1 b5 35. Rf2 Bd4 36. Rf1 a5 37. Nb3 Bb6 38. Nc1 a4 39. Nd3 Bd4 40. Nf4 Rh4 0-1

[Event "Late-Titled-Tuesday-Blitz-June-04-2024"]
[Site "Chess.com"]
[Date "2024.06.04"]
[Round "9"]
[White "crazy_but_lazy"]
[Black "dretch"]
[Result "0-1"]
[WhiteElo "2662"]
[BlackElo "2864"]
[TimeControl "180+1"]
[EndTime "15:43:05 PDT"]
[Termination "dretch won on time"]

1. e4 e6 2. d4 d5 3. e5 c5 4. c3 Nc6 5. Nf3 Bd7 6. Be2 Nge7 7.
Na3 Nf5 8. Nc2 cxd4 9. cxd4 Qb6 10. a3 Na5 11. O-O Ba4 12. Bd3 Rc8 13. Qe2 Be7 14.
g4 Nh4 15. Nxh4 Bxh4 16. Be3 Be7 17. Rab1 Qb3 18. Na1 Qb6 19. f4 Nc4 20. Bf2 Bd7 21. Nc2 g6 22. Kh1 h5 23. f5 exf5 24. gxf5 gxf5 25.
Ne3 Nxe3 26. Bxe3 Qg6 27. Rg1 Qb6 28. Rbf1 Be6 29. Bxf5 h4 30. Rf2 Kd7 31. Bd3 a6 32. b4 Rc3 33. Bf5 h3 34. Rg7 Kd8 35. Bg5 Qb5 36.
Bxe7+ Kxe7 0-1

[Event "Late-Titled-Tuesday-Blitz-June-04-2024"]
[Site "Chess.com"]
[Date "2024.06.04"]
[Round "9"]
[White "jlf287"]
[Black "Meri-Arabidze"]
[Result "0-1"]
[WhiteElo "2510"]
[BlackElo "2682"]
[TimeControl "180+1"]
[EndTime "15:43:08 PDT"]
[Termination "Meri-Arabidze won on time"]

1. Nf3 d5 2. g3 Nf6 3. Bg2 e6 4. O-O Be7 5. c4 O-O 6. d4 dxc4 7. Qc2 b6 8. Rd1 Bb7 9. Qxc4 Nbd7 10. Nc3 c5 11.
dxc5 Bxc5 12. b4 Bxf2+ 13. Kxf2 Rc8 14. Qh4 Rxc3 15. Kg1 Rc2 16. Nd4 Bxg2 17. Nxc2 Be4 18. Nd4 Qa8 19. Bb2 h6 20. Rac1 Ne5 21. Qf4 Ng6 22.
Qf1 Nd5 23. Qf2 Nxb4 24. Rc7 Nd5 25. Rd7 Nf6 26. Rc7 Ng4 27. Qe1 Bh1 28. e4 Bxe4 29.
Nxe6 N6e5 30. Nd4 Re8 31. Qd2 Rd8 32. Qc3 Qd5 33. Rf1 a5 34. Rc8 Rxc8 35. Qxc8+ Kh7 36. Qc3 f5 37. h3 Nf6 38. Ne2 Nd3 0-1

[Event "Late-Titled-Tuesday-Blitz-June-04-2024"]
[Site "Chess.com"]
[Date "2024.06.04"]
[Round "9"]
[White "Nf3c5"]
[Black "IMRosen"]
[Result "0-1"]
[WhiteElo "2614"]
[BlackElo "2747"]
[TimeControl "180+1"]
[EndTime "15:43:09 PDT"]
[Termination "IMRosen won on time"]

1. e4 c5 2. Nc3 e6 3. d4 cxd4 4. Qxd4 Nc6 5. Qd3 Nf6 6. Bf4 Bb4 7. O-O-O O-O 8. Nge2 d5 9. a3 Bxc3 10. Nxc3 d4 11. e5 dxc3 12. Qxd8 cxb2+ 13. Kxb2 Rxd8 14. Rxd8+ Nxd8 15. exf6 gxf6 16. g4 e5 17. Be3 Be6 18. g5 f5 19. f4 e4 20. h4 Nc6 21.
Bb5 Na5 22. h5 Bc4 23. Ba4 b5 24. Bb3 a6 25. Bd4 Rd8 26. Bc3 Nxb3 27. cxb3 Be6 28.
g6 h6 29. Rg1 Kf8 30. Bf6 Rc8 31. Be5 a5 32. gxf7 Bxf7 33. Bg7+ Ke7 34. Bxh6 Bxh5 35.
Bg5+ Ke6 36. Rh1 Bf3 37. Rh6+ Kd5 38. Be7 e3 39. Rd6+ Ke4 0-1

[Event "Late-Titled-Tuesday-Blitz-June-04-2024"]
[Site "Chess.com"]
[Date "2024.06.04"]
[Round "9"]
[White "CMmauricio"]
[Black "Oleg_Papayan"]
[Result "1-0"]
[WhiteElo "2776"]
[BlackElo "2566"]
[TimeControl "180+1"]
[EndTime "15:43:10 PDT"]
[Termination "CMmauricio won on time"]

1. f4 d5 2. Nf3 g6 3. e3 Bg7 4. d4 c5 5. c3 Nc6 6. Bd3 Bf5 7. Bxf5 gxf5 8. O-O e6 9. Ne5 Nf6 10. Rf3 Nxe5 11.
fxe5 Ne4 12. Rh3 Qc7 13. Nd2 O-O-O 14. Nxe4 dxe4 15. Bd2 Bxe5 16. dxe5 Qd7 17. Qh5 Qxd2 18. Qxf7 Rhg8 19. Qxe6+ Kb8 20. Rg3 Rxg3 21. hxg3 Qxe3+ 22. Kh2 f4 23. Qg4 f3 24. gxf3 exf3 25. Qf4 Qf2+ 26. Kh3 Qg2+ 27. Kh4 Rg8 28. e6+ Kc8 29. g4 h5 30. g5 f2 31. e7 Re8 32. Rd1 Qg4+ 33.
Qxg4+ hxg4 34. Kxg4 Rxe7 35. Rf1 Re2 36. g6 Kd7 37. g7 Re8 38. Kg5 Rg8 39. Kg6 Ke7 40. Rxf2 a6 41. Rf7+ 1-0

[Event "Late-Titled-Tuesday-Blitz-June-04-2024"]
[Site "Chess.com"]
[Date "2024.06.04"]
[Round "9"]
[White "simaopdias"]
[Black "WilliamAlfaroCaracas"]
[Result "0-1"]
[WhiteElo "2216"]
[BlackElo "2374"]
[TimeControl "180+1"]
[EndTime "15:43:10 PDT"]
[Termination "WilliamAlfaroCaracas won on time"]

1. e4 c5 2. Nf3 Nc6 3. d4 cxd4 4. Nxd4 d6 5. Nc3 Nf6 6. Be2 e5 7. Nf5 Bxf5 8. exf5 h6 9. O-O d5 10. Bb5 Bc5 11. Re1 e4 12. Na4 Bd6 13. c4 d4 14. c5 Bc7 15. b4 O-O 16. Bxc6 bxc6 17.
Nb2 Re8 18. Nc4 Qd5 19. Qb3 Rad8 20. Bb2 Qxf5 21. Rad1 Ng4 22. f3 Bxh2+ 23. Kf1 Bg3 24. Bxd4 Bxe1 25. Kxe1 exf3+ 26. Kf1 fxg2+ 27. Kxg2 Qe4+ 28. Qf3 Rxd4 29. Rxd4 Qxd4 30. Nd6 Re7 31. Kg3 Ne5 32. Qf4 Qxf4+ 33. Kxf4 Ng6+ 34. Kf5 h5 35. Kg5 h4 36.
Kg4 Re6 37. a4 Rxd6 38. cxd6 Kf8 39. b5 cxb5 40. axb5 Ke8 0-1

[Event "Late-Titled-Tuesday-Blitz-June-04-2024"]
[Site "Chess.com"]
[Date "2024.06.04"]
[Round "9"]
[White "MrEscacs"]
[Black "TERMINATOR_PC"]
[Result "0-1"]
[WhiteElo "2172"]
[BlackElo "2594"]
[TimeControl "180+1"]
[EndTime "15:43:12 PDT"]
[Termination "TERMINATOR_PC won by resignation"]

1. e4 c6 2. d4 d5 3. Nc3 dxe4 4. Nxe4 Bf5 5. Ng3 Bg6 6. Nf3 Nf6 7. Ne5 Nbd7 8. Nxg6 hxg6 9. Be3 e6 10. Qd2 Be7 11. O-O-O Qc7 12. Be2 O-O-O 13. Bf3 Nd5 14. Kb1 Kb8 15. c4 Nxe3 16. Qxe3 Nb6 17. Rc1 Rh4 18.
c5 Nd5 19. Qb3 Rxd4 20. Ne4 Bf6 21. Nxf6 gxf6 22. Rhe1 f5 23. a3 Qxh2 24. Rh1 Qc7 25. Rh7 Nf6 26. Rg7 Rd3 27. Qa4 Qe7 28. Rc4 Rxf3 29.
gxf3 Qf8 30. Rb4 Ka8 31. Qa5 Rd7 32. Ra4 a6 33. Qb6 Qxg7 34. Rxa6+ bxa6 35. Qxa6+ Kb8 36. Qb6+ Kc8 37. Qxc6+ Rc7 38. Qa8+ Kd7 39. Qa4+ Ke7 40. Qd4 Ne8 41. Qh4+ Qf6 42. Qb4 Qe5 43. c6+ Qd6 44.
Qh4+ Nf6 0-1

[Event "Late-Titled-Tuesday-Blitz-June-04-2024"]
[Site "Chess.com"]
[Date "2024.06.04"]
[Round "9"]
[White "StoreySniper"]
[Black "rionelG"]
[Result "0-1"]
[WhiteElo "2453"]
[BlackElo "2322"]
[TimeControl "180+1"]
[EndTime "15:43:12 PDT"]
[Termination "rionelG won on time"]

1. e4 c5 2. Nf3 d6 3. d4 cxd4 4. Nxd4 Nf6 5. f3 e5 6. Nb3 Be6 7. c4 Qc7 8. Nc3 Bxc4 9. Bxc4 Qxc4 10. Be3 Qc7 11. Nb5 Qd8 12. Nxa7 Be7 13. O-O O-O 14.
Nb5 Nc6 15. Qd2 d5 16. exd5 Nxd5 17. Bf2 Nf4 18. Rfd1 Qxd2 19. Rxd2 Rfd8 20. a3 Rxd2 21. Nxd2 Nd3 22. Nc4 Nxf2 23. Kxf2 f6 24. Rd1 Nd4 25. Nxd4 Bc5 26. Ke2 Bxd4 27. Rd2 Rd8 28. b3 Kf7 29. a4 Ke6 30. g3 Rb8 31. Na3 Rc8 32. Rc2 Rxc2+ 33.
Nxc2 Kd5 34. Nxd4 Kxd4 35. Kd2 f5 36. h3 e4 37. fxe4 fxe4 38. a5 Kc5 39. Kc3 e3 40.
a6 bxa6 41. Kd3 Kb4 42. Kxe3 Kxb3 43. Kd3 a5 0-1

[Event "Late-Titled-Tuesday-Blitz-June-04-2024"]
[Site "Chess.com"]
[Date "2024.06.04"]
[Round "9"]
[White "grzechu96"]
[Black "osh1ro"]
[Result "0-1"]
[WhiteElo "2779"]
[BlackElo "2637"]
[TimeControl "180+1"]
[EndTime "15:43:13 PDT"]
[Termination "osh1ro won on time"]

1. e4 e6 2. d4 d5 3. e5 c5 4.
c3 Qb6 5. Nf3 Nc6 6. a3 cxd4 7. cxd4 Bd7 8. Nc3 Nge7 9. Be2 Nf5 10. Na4 Qd8 11. O-O Be7 12. b4 b6 13. Nc3 O-O 14.
g4 Nh4 15. Nxh4 Bxh4 16. f4 f6 17. exf6 Bxf6 18. Be3 Rc8 19. Qd2 g6 20. Kg2 Bg7 21. Kg3 Ne7 22. Bd3 Rc7 23. Ne2 Nc8 24. h4 Nd6 25. Rac1 Bb5 26. Rxc7 Qxc7 27. Rc1 Qd7 28. Nc3 Bxd3 29. Qxd3 Nc4 30. Rh1 Bh6 31. Ne2 Nd6 32.
Kg2 Ne4 33. g5 Bg7 34. h5 Qf7 35. h6 Bh8 36. Ng3 e5 37. Nxe4 dxe4 38. Qxe4 exf4 39.
Rf1 Qf5 40. Qxf5 Rxf5 0-1

[Event "Late-Titled-Tuesday-Blitz-June-04-2024"]
[Site "Chess.com"]
[Date "2024.06.04"]
[Round "9"]
[White "alexrustemov"]
[Black "ncofre98"]
[Result "1-0"]
[WhiteElo "2813"]
[BlackElo "2600"]
[TimeControl "180+1"]
[EndTime "15:43:14 PDT"]
[Termination "alexrustemov won by resignation"]

1. d4 Nf6 2. c4 c5 3. d5 e6 4. Nc3 exd5 5. cxd5 d6 6. e4 g6 7. h3 Bg7 8. Bd3 O-O 9. Nf3 b5 10. Bxb5 Nxe4 11. Nxe4 Qa5+ 12. Nfd2 Qxb5 13. Nxd6 Qa6 14. N2c4 Nd7 15. O-O Ne5 16. Nxc8 Raxc8 17. Nxe5 Bxe5 18. Re1 Bd4 19. Qf3 Qb7 20. Rb1 Rfd8 21. Bg5 Rd7 22. b3 Qxd5 23. Qxd5 Rxd5 24. Bh6 Rd7 25. Rbc1 f6 26.
Be3 Kf7 27. Red1 Rcd8 28. Bxd4 cxd4 29. Rd3 g5 30. Rc4 Ke6 31. Kf1 Ke5 32. Ke2 h5 33. Kd2 g4 34. h4 Rd5 35. b4 a5 36.
bxa5 Rxa5 37. a4 Rdd5 38. Ra3 Ke4 39. Rb3 Rf5 40. Ke2 Rfe5 41. Rbb4 Red5 42. f3+ gxf3+ 43.
gxf3+ Ke5 44. Kd3 Rac5 45. Rxc5 Rxc5 46. Rb5 Kd5 47. Rxc5+ Kxc5 48. a5 Kb5 49. Kxd4 Kxa5 50. Ke4 Kb5 51. Kf5 Kc5 52. Kxf6 Kd4 53. Kg5 Ke3 54.
f4 1-0

[Event "Late-Titled-Tuesday-Blitz-June-04-2024"]
[Site "Chess.com"]
[Date "2024.06.04"]
[Round "9"]
[White "Heliosis11"]
[Black "Cuchulin"]
[Result "1-0"]
[WhiteElo "2397"]
[BlackElo "2273"]
[TimeControl "180+1"]
[EndTime "15:43:15 PDT"]
[Termination "Heliosis11 won on time"]

1. e4 c5 2. Nf3 Nc6 3. Nc3 g6 4. d4 cxd4 5. Nxd4 Bg7 6. Be3 Nf6 7. Be2 O-O 8. Qd2 d5 9. exd5 Nxd5 10. O-O-O Nxe3 11. fxe3 e5 12. Nxc6 Qxd2+ 13. Rxd2 bxc6 14. Bf3 Be6 15.
Bxc6 Rac8 16. Bd5 Bd7 17. Kb1 Bh6 18. Rd3 Kg7 19. Rhd1 Bf5 20. e4 Bg4 21. Rf1 f5 22. Re1 fxe4 23. Bxe4 Rce8 24. b3 Rf2 25. h3 Bf5 26. g4 Bd2 27. gxf5 Bxe1 28. Rd7+ Kh6 29. Nd1 Rf4 30. Bc6 gxf5 31. Rd6+ Kg5 32. Bxe8 e4 33. c4 Rf1 34. Kc2 Bb4 35. Rd5 Rh1 36. Bd7 Rf1 37.
c5 Kf6 38. c6 1-0

[Event "Late-Titled-Tuesday-Blitz-June-04-2024"]
[Site "Chess.com"]
[Date "2024.06.04"]
[Round "9"]
[White "Pig-filth"]
[Black "whiteglovethief"]
[Result "1-0"]
[WhiteElo "2353"]
[BlackElo "2515"]
[TimeControl "180+1"]
[EndTime "15:43:16 PDT"]
[Termination "Pig-filth won by resignation"]

1. d4 Nf6 2. Bg5 Ne4 3. Bh4 d5 4. Nd2 g5 5. Bg3 Bg7 6. Nxe4 dxe4 7. e3 O-O 8. h4 g4 9. h5 h6 10. Ne2 Nc6 11. Nc3 f5 12. Bc4+ Kh8 13. Qd2 e5 14. d5 Na5 15. Be2 c6 16. b4 cxd5 17. bxa5 d4 18. exd4 exd4 19. Rd1 Be6 20. Nb5 d3 21.
cxd3 a6 22. Nc7 Qc8 23. Nxa8 Bc3 24. Be5+ Bxe5 25. Qxh6+ Kg8 26. Qg6+ Kh8 27. Nb6 Qc6 28. dxe4 fxe4 29. O-O Bf5 30. Qxc6 bxc6 31. Bxa6 Kg7 32. Bb7 Rh8 33. a6 Rxh5 34. g3 e3 35. Bxc6 e2 36.
a7 exf1=Q+ 37. Rxf1 Rh8 38. a8=Q Rxa8 39. Nxa8 Bd4 40.
Nc7 Kf6 41. Bd5 Ke5 42. Be6 Bxe6 43. Nxe6 Kxe6 44. a4 Ke5 45. a5 Ke4 46. Rd1 Ba7 47. Kg2 Ke5 48. a6 1-0

[Event "Late-Titled-Tuesday-Blitz-June-04-2024"]
[Site "Chess.com"]
[Date "2024.06.04"]
[Round "9"]
[White "jcibarra"]
[Black "jk13"]
[Result "1-0"]
[WhiteElo "2913"]
[BlackElo "2683"]
[TimeControl "180+1"]
[EndTime "15:43:17 PDT"]
[Termination "jcibarra won by resignation"]

1. e4 e5 2. Nf3 Nc6 3. d4 exd4 4. Nxd4 Bb4+ 5. c3 Bc5 6. Be3 Bb6 7. Nf5 Bxe3 8. Nxe3 Nge7 9. c4 O-O 10. Nc3 d6 11.
Bd3 Be6 12. O-O Qd7 13. f4 f5 14. Qc2 Nb4 15. Qd2 Nxd3 16. Qxd3 Rae8 17. Rad1 Qc8 18. h3 h6 19. g4 fxg4 20. f5 Bd7 21. hxg4 Nc6 22.
Qd5+ Kh7 23. g5 Qd8 24. gxh6 Qg5+ 25. Kf2 g6 26. Rg1 Qh4+ 27. Ke2 Ne5 28. Rdf1 Bc6 29. fxg6+ Kxh6 30. Rh1 Bxd5 31. Rxh4+ Kg5 32. Rxf8 Rxf8 33. g7 Rg8 34. Ncxd5 Kxh4 35. Nf5+ Kg5 36. Nde7 Rxg7 37. Nxg7 Nxc4 38. b3 Nb6 39. Nd5 Nxd5 40. exd5 Kf6 41. Ne8+ Ke5 42. Nxc7 Kd4 43. Nb5+ Kxd5 44. Nxa7 Kc5 45.
Kd3 Kb4 46. Kc2 d5 47. Nc8 d4 48. Nd6 Kc5 49. Nc4 1-0

[Event "Late-Titled-Tuesday-Blitz-June-04-2024"]
[Site "Chess.com"]
[Date "2024.06.04"]
[Round "9"]
[White "ansko1999"]
[Black "MaiqMaster"]
[Result "1-0"]
[WhiteElo "2632"]
[BlackElo "2456"]
[TimeControl "180+1"]
[EndTime "15:43:17 PDT"]
[Termination "ansko1999 won by checkmate"]

1. Nc3 c5 2. e4 e6 3. f4 d5 4. Nf3 dxe4 5. Nxe4 Nc6 6. Bb5 Bd7 7.
O-O Nf6 8. Qe2 Be7 9. Ne5 Nxe5 10.
fxe5 Nxe4 11. Bxd7+ Qxd7 12. Qxe4 O-O 13. d3 Rac8 14. Be3 Qd5 15. Qxd5 exd5 16. c4 d4 17. Bf4 Rc6 18. a3 f6 19. exf6 Rcxf6 20. Bg3 Rxf1+ 21. Rxf1 Rxf1+ 22. Kxf1 Kf7 23. Ke2 Ke6 24. Kf3 Kf5 25. Bb8 a6 26. Bf4 g5 27. g4+ Ke6 28. Bg3 b5 29.
Ke4 bxc4 30. dxc4 Bd8 31. Be1 Be7 32. Ba5 Bd6 33. h3 Bf4 34. Bd8 h6 35. Bb6 Kd6 36.
b4 cxb4 37. axb4 Bd2 38. Bc5+ Kc6 39. Kxd4 a5 40. bxa5 Bxa5 41. Bf8 Bd2 42. Bxh6 Bc1 43. Bg7 Bb2+ 44. Ke4 Bxg7 45. Kf5 Kd6 46. Kxg5 Ke6 47. Kg6 Bd4 48. h4 Ke7 49. h5 Kf8 50. Kf5 Kg8 51.
Ke6 Kf8 52. Kd5 Be3 53. c5 Ke8 54. c6 Kd8 55. Ke4 Bd2 56. Kf5 Ke8 57. Kg6 Bf4 58. h6 Kf8 59. h7 Be5 60. c7 Bxc7 61. h8=Q+ Ke7 62. Qf6+ Ke8 63. Qf7+ Kd8 64. Kf5 Bd6 65. Ke6 Kc8 66. Qd7+ Kb8 67. Kd5 Bc7 68. Kc6 Ka8 69. Qc8+ Bb8 70. Qb7# 1-0

[Event "Late-Titled-Tuesday-Blitz-June-04-2024"]
[Site "Chess.com"]
[Date "2024.06.04"]
[Round "9"]
[White "harshu27"]
[Black "AlphaPerseii"]
[Result "1-0"]
[WhiteElo "2539"]
[BlackElo "2358"]
[TimeControl "180+1"]
[EndTime "15:43:17 PDT"]
[Termination "harshu27 won by resignation"]

1. d4 Nf6 2. Nc3 d5 3. Bf4 e6 4. Nb5 Na6 5. e3 Be7 6. Nf3 O-O 7. a3 Bd7 8. Bd3 c6 9. Nc3 c5 10. Ne5 Be8 11. g4 c4 12. Be2 Nd7 13. Qd2 Nxe5 14.
Bxe5 b5 15. e4 b4 16. axb4 Nxb4 17. exd5 exd5 18. Bf3 Bg5 19. Qd1 f6 20. Bg3 Bg6 21. O-O Bxc2 22. Bxd5+ Kh8 23. Qf3 Nxd5 24. Nxd5 Qd7 25.
Nb4 Bg6 26. d5 f5 27. gxf5 Bxf5 28. Qh5 Bd2 29. Nc6 Be4 30. Ne5 Qe7 31. Qe2 Bd3 32.
Qxd2 Bxf1 33. d6 Qe6 34. Rxf1 Rad8 35. d7 Rf5 36. Qd4 h5 37. h4 Qf6 38. Rd1 Kh7 39. Qe3 g5 40. hxg5 Rxg5 41. Qe4+ Kh6 42. Nf3 Qg6 43.
Qxg6+ Kxg6 44. Nxg5 Kxg5 45. Bc7 1-0

[Event "Late-Titled-Tuesday-Blitz-June-04-2024"]
[Site "Chess.com"]
[Date "2024.06.04"]
[Round "9"]
[White "MaestroCheck"]
[Black "bubeliang"]
[Result "1/2-1/2"]
[WhiteElo "2645"]
[BlackElo "2847"]
[TimeControl "180+1"]
[EndTime "15:43:19 PDT"]
[Termination "Game drawn by repetition"]

1. e4 c6 2. d4 d5 3. Nd2 dxe4 4. Nxe4 Nf6 5. Nxf6+ exf6 6. c3 Bd6 7. Bd3 O-O 8.
Qc2 Re8+ 9. Ne2 h5 10. O-O h4 11. h3 Nd7 12. Bd2 Nf8 13. Rae1 Be6 14. f4 Qc7 15. c4 c5 16. d5 Bd7 17. Qd1 f5 18. Nc3 g6 19.
Qf3 Nh7 20. Qf2 Qd8 21. Kh1 b6 22. Ne2 Bf8 23. Ng1 Bg7 24. Nf3 Bxb2 25. Nxh4 Nf6 26. Nf3 Ne4 27. Bxe4 fxe4 28. Ne5 Bd4 29. Be3 Bc3 30. Rc1 Ba5 31. Bd2 Bxd2 32. Qxd2 Qe7 33.
Qe3 Kg7 34. Qxe4 Bf5 35. Qf3 f6 36. Nc6 Qe2 37. Qxe2 Rxe2 38. Rfe1 Rxa2 39. Re7+ Kh6 40. d6 Rd2 41. g4 Rxd6 42. gxf5 Rxc6 43. Rg1 Rg8 44. Rxa7 Rd6 45. Rb7 Rg7 46. Rxg7 Kxg7 47. Rxg6+ Kf7 48. Rh6 Rd4 49. Rh7+ Kg8 50. Rb7 Rxf4 51.
Rxb6 Rxf5 52. Kg2 Kf7 53. Kg3 Kg6 54. Rc6 Re5 55. Kf4 Rf5+ 56. Kg4 Rg5+ 57. Kf4 Rh5 58.
Kg4 Re5 59. Kf4 Rf5+ 60. Kg4 Rg5+ 61. Kf4 Rh5 62. Kg4 Rg5+ 1/2-1/2

[Event "Late-Titled-Tuesday-Blitz-June-04-2024"]
[Site "Chess.com"]
[Date "2024.06.04"]
[Round "9"]
[White "BogdanDeac"]
[Black "Hikaru"]
[Result "1-0"]
[WhiteElo "3028"]
[BlackElo "3200"]
[TimeControl "180+1"]
[EndTime "15:43:20 PDT"]
[Termination "BogdanDeac won on time"]

1. d4 e6 2. Nf3 Nf6 3. c4 Bb4+ 4. Bd2 c5 5. Bxb4 cxb4 6. e3 a5 7. Bd3 d6 8. O-O O-O 9. Nbd2 Re8 10. a3 Na6 11. Re1 e5 12. Ne4 b6 13. Qc2 g6 14. Rad1 Bg4 15. Nxf6+ Qxf6 16. Be4 Rab8 17. Qd3 exd4 18. exd4 bxa3 19. bxa3 Nc7 20. h3 Bd7 21. Qd2 Ne6 22. h4 Nf4 23. g3 Nh3+ 24. Kg2 Bg4 25. Bd5 g5 26. Nxg5 Nxg5 27. hxg5 Qf5 28. f3 Bh5 29. g4 Bxg4 30. fxg4 Qxg4+ 31. Kh1 Qh4+ 32. Kg1 Qg3+ 33. Bg2 b5 34. c5 dxc5 35. dxc5 b4 36. axb4 axb4 37. c6 b3 38. Qf2 Qxg5 39. Rf1 Rf8 40. Rd7 b2 41. c7 b1=Q 42. Rxf7 1-0

[Event "Late-Titled-Tuesday-Blitz-June-04-2024"]
[Site "Chess.com"]
[Date "2024.06.04"]
[Round "9"]
[White "Quattroporte300"]
[Black "Alex_Banzea"]
[Result "1-0"]
[WhiteElo "2463"]
[BlackElo "2580"]
[TimeControl "180+1"]
[EndTime "15:43:20 PDT"]
[Termination "Quattroporte300 won on time"]

1. e4 c6 2. d4 d5 3. exd5 cxd5 4. Bd3 Nf6 5. c3 Bg4 6. Qb3 Qc7 7. Nd2 Nc6 8. Ngf3 e6 9. h3 Bh5 10. O-O Bd6 11. Re1 O-O 12. g4 Bg6 13. Bxg6 hxg6 14. Qd1 Rad8 15. Nf1 Ne4 16. Ng5 Nxg5 17. Bxg5 Rb8 18.
Kg2 b5 19. a3 a5 20. Rc1 Rfc8 21. Qf3 b4 22. axb4 axb4 23. Ng3 bxc3 24. bxc3 Bxg3 25. Qxg3 Qxg3+ 26. Kxg3 Rb3 27. Kg2 f6 28. Bd2 Kf7 29.
Re3 Na5 30. Rd3 Rb2 31. Be1 g5 32. Ra1 Nc4 33. Ra7+ Kg6 34. Re7 Rc6 35. Kf1 Rb1 36. Ke2 Ra6 37. Rd1 Rb2+ 38. Kf3 Rab6 39. Ra1 Rc2 40.
Raa7 Kh6 41. Rxg7 1-0

[Event "Late-Titled-Tuesday-Blitz-June-04-2024"]
[Site "Chess.com"]
[Date "2024.06.04"]
[Round "9"]
[White "mac0504"]
[Black "sergeikim"]
[Result "1-0"]
[WhiteElo "2769"]
[BlackElo "2618"]
[TimeControl "180+1"]
[EndTime "15:43:22 PDT"]
[Termination "mac0504 won by resignation"]

1. c4 Nf6 2. Nc3 g6 3. e4 d6 4. d4 Bg7 5. Be2 O-O 6. Be3 e5 7. d5 a5 8. h4 Na6 9. h5 Nc5 10. Qc2 Bd7 11. h6 Bh8 12. Nh3 a4 13. Ng5 c6 14.
Rd1 cxd5 15. cxd5 Rc8 16. Qd2 Qa5 17. O-O a3 18. bxa3 Ng4 19. Bxg4 Bxg4 20. f3 Bd7 21. Rb1 Qxa3 22. Rfc1 Bf6 23. Rb6 Be7 24. Nb5 Bxb5 25. Rxb5 Nd3 26. Rxc8 Rxc8 27. Rb3 Qc1+ 28. Qxc1 Nxc1 29. Rxb7 Bxg5 30. Bxg5 Ne2+ 31. Kf2 Nd4 32.
Bf6 Ra8 33. a4 Kf8 34. Be7+ Ke8 35. Bxd6 Rxa4 36. Bxe5 Ra2+ 37. Kg3 Ne2+ 38. Kh2 Nc1 39. d6 Rd2 40. Bf4 Rd1 41. d7+ Ke7 42. Bg5+ f6 43. Bxc1 Rxc1 44. d8=Q+ Kxd8 45. Rxh7 Rc5 46. g4 g5 47. Rf7 Ke8 48. h7 Kxf7 49. h8=Q Rc2+ 50. Kg3 Rc8 51. Qxc8 1-0

[Event "Late-Titled-Tuesday-Blitz-June-04-2024"]
[Site "Chess.com"]
[Date "2024.06.04"]
[Round "9"]
[White "Bkmzzzzz"]
[Black "BerlinDrawer"]
[Result "0-1"]
[WhiteElo "2418"]
[BlackElo "2579"]
[TimeControl "180+1"]
[EndTime "15:43:23 PDT"]
[Termination "BerlinDrawer won on time"]

1. e4 c6 2. d4 Na6 3. Nc3 Nc7 4.
Nf3 d5 5. e5 Bg4 6. h3 Bxf3 7.
Qxf3 e6 8. Bd3 c5 9. dxc5 Bxc5 10. O-O Ne7 11. Re1 a6 12. Bg5 Qd7 13. a3 O-O 14. Rad1 Ng6 15. Qh5 b5 16. Ne2 a5 17. Nf4 Rab8 18. Qg4 Be7 19. h4 Nxf4 20. Bxf4 Kh8 21. Re3 f5 22. exf6 Bxf6 23. Bxc7 Qxc7 24. Rxe6 b4 25. Qh5 g6 26. Bxg6 Qg7 27. Bf5 Bxb2 28.
axb4 Rxb4 29. Rh6 Rxf5 30. Qxf5 Qxh6 31. Qxd5 Qxh4 32. Qf7 Rb8 33. Rd7 Rg8 34. g3 Qh6 35. Rb7 Bc3 36. Kg2 Qg7 37. Qd5 Qd4 38. Qf5 Rg7 39.
Qf8+ Rg8 40. Qf5 Qg7 41. Rxg7 Rxg7 0-1

[Event "Late-Titled-Tuesday-Blitz-June-04-2024"]
[Site "Chess.com"]
[Date "2024.06.04"]
[Round "9"]
[White "PNEPaul"]
[Black "maurovargas01"]
[Result "1-0"]
[WhiteElo "1931"]
[BlackElo "1895"]
[TimeControl "180+1"]
[EndTime "15:43:23 PDT"]
[Termination "PNEPaul won by resignation"]

1. e4 c5 2. d4 cxd4 3. c3 dxc3 4. Nxc3 Nc6 5. Nf3 a6 6. Bc4 d6 7. O-O g6 8. Bg5 Bg7 9. Qb3 Na5 10.
Bxf7+ Kf8 11. Qd5 Nf6 12. Bxf6 Bxf6 13. e5 Bg7 14. exd6 Qxd6 15. Qxa5 Kxf7 16. Ne4 Qc6 17. Nfg5+ Kf8 18. Qd8+ Qe8 19. Qc7 h6 20. Qf4+ Kg8 21. Nf3 g5 22. Qg3 Bf5 23. Nc3 Rc8 24. Rac1 Kh7 25. h4 Qg6 26. Ne5 Qd6 27. Nf7 Qf6 28. Nxh8 Bxh8 29. Nd5 Qf7 30. Rxc8 Qxd5 31. Rc7 Be5 32.
Rxe7+ Kg6 33. Qxe5 Qxe5 34. Rxe5 Kf6 35. Rc5 gxh4 36. Rc7 Be4 37. Re1 Bc6 38. Rxc6+ bxc6 39. Rc1 Ke5 40. Rxc6 a5 41. Rxh6 a4 42. Rxh4 a3 43. bxa3 Kf5 44. Rb4 Ke5 45. a4 Kd5 46. a5 Kc5 47.
Rb2 Kc4 48. a6 Kc3 49. Rb7 Kc4 50. a7 Kc5 51. a8=Q Kc6 52. Qc8+ Kd6 53. Rd7+ 1-0